Map: Rifts to Korhal

Players

wasp

  • Race: Protoss Protoss
  • Spawn Location: 7:00

NamroodTuo

  • Race: Zerg Zerg

VOD

Have the link to the VOD?

Description

Time

  • Played on: Jan. 9, 2023, 1:55 p.m.
  • Length: 28:39
Show
View Real Time Build Order
Export as new Build Order

wasp Protoss 

Build Orders:  

Get SALT Encoding   

  12  0:26  Pylon  
  12  0:27  Probe (Chrono Boost)  
  13  0:41  Probe (Chrono Boost)  
  13  0:48  Pylon  
  14  1:57  Assimilator  
  14  2:05  Assimilator  
  14  2:39  Pylon  
  14  2:59  Gateway  
  14  4:17  Cybernetics Core  
  14  4:20  Sentinel  
  16  4:57  Pylon  
  16  4:58  Sentinel  
  18  5:11  Forge  
  18  5:36  Sentinel  
  20  6:14  Sentinel  
  22  6:52  Sentinel  
  24  7:03  Probe (Chrono Boost)  
  25  7:17  Probe (Chrono Boost)  
  26  7:27  Photon Cannon  
  26  7:30  Sentinel  
  26  7:31  Probe (Chrono Boost)  
  29  7:41  Photon Cannon  
  29  7:43  Photon Cannon  
  29  7:45  Probe (Chrono Boost), Photon Cannon  
  29  7:47  Photon Cannon x2  
  30  7:51  Photon Cannon  
  30  7:55  Photon Cannon  
  30  7:59  Probe (Chrono Boost)  
  31  8:03  Pylon  
  31  8:08  Sentinel  
  33  8:14  Photon Cannon  
  33  8:16  Photon Cannon  
  33  8:17  Photon Cannon  
  33  8:20  Photon Cannon  
  33  8:30  Photon Cannon  
  33  8:35  Photon Cannon  
  33  8:51  Probe (Chrono Boost)  
  34  9:05  Probe (Chrono Boost)  
  34  9:07  Solar Efficiency Level 1  
  35  9:19  Probe (Chrono Boost)  
  36  9:33  Probe (Chrono Boost)  
  37  10:25  Pylon  
  37  10:41  Twilight Council  
  37  10:58  Sentinel  
  39  11:36  Sentinel  
  41  12:13  Sentinel  
  43  12:51  Sentinel  
  43  12:56  Solar Efficiency Level 2  
  45  13:29  Sentinel  
  47  13:47  Charge  
  47  14:20  Sentinel  
  49  14:58  Sentinel  
  51  15:36  Sentinel  
  53  16:14  Sentinel  
  55  17:08  Sentinel  
  33  19:42  Energizer  
  35  20:19  Energizer  
  37  20:23  Pylon  
  37  20:29  Pylon  
  37  20:31  Pylon  
  37  20:37  Pylon  
  37  20:42  Pylon  
  37  20:48  Pylon  
  37  20:53  Pylon  
  37  20:56  Energizer  
  37  20:57  Pylon  
  39  21:00  Pylon  
  39  21:33  Energizer  
  41  22:10  Energizer  
  43  23:56  Sentinel  
  45  24:19  Gateway  
  45  24:34  Sentinel  
  47  25:12  Sentinel  
  27  25:50  Sentinel  
  29  26:28  Sentinel  
Show
View Real Time Build Order
Export as new Build Order

NamroodTuo Zerg 

Build Orders:  

Get SALT Encoding   

  12  0:09  Infested SCV  
  13  0:12  Infested SCV  
  14  0:21  Infested SCV  
  15  0:37  Overlord  
  15  0:54  Infested Barracks  
  15  1:07  Infested SCV  
  15  1:09  Infested SCV  
  17  1:10  Infested SCV  
  18  1:27  Infested SCV  
  19  1:38  Infested SCV  
  20  1:55  Infested SCV  
  20  1:59  Infestation Level 1  
  21  2:10  Infested SCV  
  22  2:40  Infested Engineering Bay  
  22  2:52  Overlord x2  
  22  3:01  Infested Marine x2  
  23  3:31  Infested SCV x2  
  23  3:36  Infested Refinery  
  25  3:40  Infested Refinery  
  29  3:53  Infested Bunker  
  29  3:58  Infested SCV  
  30  4:00  Infested Marine  
  30  4:01  Infested Marine  
  30  4:02  Infested Marine  
  30  4:08  Infested SCV  
  34  4:10  Overlord  
  34  4:26  Overlord  
  34  4:45  Regenerative Plating  
  34  4:48  Infested SCV  
  33  4:52  Infested SCV  
  34  5:05  Infested Marine  
  34  5:06  Infested Marine x2  
  34  5:07  Infested Marine x3  
  40  5:28  Infested Bunker  
  40  5:29  Infested Barracks Tech Lab  
  44  5:32  Infested SCV x2  
  43  5:51  Stukov Infantry Weapons Level 1  
  39  6:00  Infested Factory  
  39  6:02  Infested SCV  
  39  6:03  Infested SCV  
  39  6:34  Retinal Augmentation  
  39  6:46  Infested Barracks  
  39  7:05  Infestation Level 2  
  39  7:16  Infested Barracks  
  39  7:27  Infested Barracks  
  39  7:35  Overlord  
  39  7:36  Overlord x4  
  39  8:11  Plagued Munitions  
  39  8:30  Stukov Infantry Armor Level 1  
  43  8:42  Infested Bunker  
  43  8:55  Infested Armory  
  43  9:00  Infested Marine  
  43  9:01  Infested Marine x11  
  43  9:02  Infested Marine x4  
  43  9:08  Overlord x2  
  59  9:52  Infested Bunker  
  59  10:02  Infested Marine  
  59  10:03  Infested Marine x15  
  59  10:04  Infested Marine x10  
  78  10:18  Overlord x2  
  78  10:19  Overlord x2  
  69  10:28  Anaerobic Enhancement  
  43  11:10  Calcified Armor  
  43  11:20  Unknown  
  43  11:27  Infested Marine  
  43  11:28  Infested Marine x12  
  43  11:29  Infested Marine x21  
  77  11:30  Infested Marine  
  68  12:36  Infested Command Center  
  67  12:45  Infested Marine  
  67  12:46  Infested Marine x7  
  67  12:47  Infested Marine x21  
  67  12:48  Infested Marine x13  
  109  13:08  Infested Marine  
  109  13:09  Infested Marine x16  
  126  13:10  Infested Marine  
  85  13:43  Infested Marine  
  85  13:44  Infested Marine x12  
  85  13:45  Infested Marine x15  
  98  13:52  Infested Marine  
  98  13:53  Infested Marine x5  
  104  14:15  Stukov Infantry Weapons Level 2  
  103  14:21  Broodling Gestation  
  92  14:59  Infested SCV  
  77  15:00  Infested SCV x3  
  77  15:01  Infested SCV  
  75  15:31  Infested Bunker  
  75  15:33  Infested Marine  
  75  15:34  Infested Marine x17  
  75  15:35  Infested Marine  
  75  16:13  Infested SCV x2  
  75  16:14  Infested SCV x2  
  79  16:22  Infested Bunker  
  79  16:45  Infested Marine  
  79  16:46  Infested Marine x12  
  79  16:47  Infested Marine x20  
  110  17:03  Infested Marine  
  110  17:04  Infested Marine x8  
  110  17:05  Infested Marine x20  
  122  17:37  Infested Marine  
  122  17:38  Infested Marine x21  
  122  17:39  Infested Marine x14  
  150  17:53  Stukov Infantry Armor Level 2  
  134  18:11  Infestation Level 3  
  122  18:33  Infested Marine  
  122  18:34  Infested Marine x21  
  122  18:35  Infested Marine x9  
  117  18:58  Infested Marine  
  117  18:59  Infested Marine x18  
  115  19:00  Infested Marine x10  
  122  19:18  Overlord x2  
  122  19:19  Overlord  
  113  19:48  Overlord x2  
  113  19:49  Overlord x5  
  94  19:55  Overlord  
  78  20:00  Overlord  
  64  20:10  Infested Marine  
  64  20:11  Infested Marine x9  
  64  20:12  Infested Marine x7  
  73  20:53  Infested Marine  
  73  20:54  Infested Marine x18  
  73  20:55  Infested Marine x14  
  106  21:03  Stukov Infantry Weapons Level 3  
  69  22:18  Infested Marine  
  69  22:19  Infested Marine x12  
  80  22:20  Infested Marine x11  
  80  22:21  Infested Marine x6  
  80  22:22  Infested Marine x22  
  80  22:23  Infested Marine x15  
  123  22:52  Infested Marine x3  
  123  22:53  Infested Marine x21  
  123  22:54  Infested Marine x9  
  89  24:14  Infested Marine  
  89  24:15  Infested Marine x10  
  89  24:16  Infested Marine x20  
  89  24:17  Infested Marine x12  
  132  24:36  Infested Marine  
  132  24:37  Infested Marine x15  
  132  24:38  Infested Marine x17  
  132  24:43  Stukov Infantry Armor Level 3  
  132  25:00  Infested Marine x6  
  132  25:01  Infested Marine x17  
  147  25:52  Infested Marine  
  147  25:53  Infested Marine x12  
  147  25:54  Infested Marine x21  
  147  25:55  Infested Marine  
  156  26:05  Infested Marine  
  156  26:06  Infested Marine x10  
  156  26:07  Infested Marine x7  
  123  26:25  Infested Marine x3  
  123  26:26  Infested Marine x12  
  123  26:27  Infested Marine  
  123  27:10  Infested Marine  
  123  27:11  Infested Marine x19  
  123  27:12  Infested Marine x16  
  123  27:13  Infested Marine  
  156  27:26  Infested Marine x2  
  156  27:27  Infested Marine x9  
  135  27:53  Infested Marine  
  135  27:54  Infested Marine x16  
  135  27:55  Infested Marine x6  
Tags
 
Commander
KaraxStukov
Matchup
Co-op
Replay Pack
Multiplayer
Add a new tag
Caveats
  • Supply blocks, unpowered buildings, or Contaminate may cause inaccurate times.
  • Supply counts are checked every 10 seconds.